 Dungeon Crawl Stone Soup version 0.31.0-9-g3a7656b989 (webtiles) character file.

Game seed: 10415091545127618164

23414 zfabert001 the Warrior (level 13, -5/163 HPs)
             Began as an Oni Gladiator on Jan 26, 2024.
             Slain by Urug
             ... wielding a +2 broad axe
              (12 damage)
             ... on level 11 of the Dungeon on Feb 6, 2024.
             The game lasted 01:11:18 (21062 turns).

zfabert001 the Warrior (Oni Gladiator)             Turns: 21062, Time: 01:11:19

Health: -5/163     AC:  5    Str: 25    XL:     13   Next: 6%
Magic:  13/13      EV: 13    Int: 11    God:
Gold:   1471       SH:  5    Dex: 10    Spells: 12/12 levels left

rFire   + + .        z - +3 dire flail
rCold   + + +        (shield currently unavailable)
rNeg    . . .        r - +1 robe {rC+ rF+}
rPois   +            c - +1 hat
rElec   +            (no cloak)
rCorr   +            (gloves unavailable)
SInv    +            (boots unavailable)
Will    ++...        b - amulet of reflection
Stlth   +            w - ring of see invisible
HPRegen 0.47/turn    H - ring "Sorymoj" {*Slow rC+ Will+ Int+2 SInv}
MPRegen 0.13/turn

%: slow self (1%), reflection
@: resistant, marked, slowed, very slow
A: large, unfitting armour, horns 1, tough skin 1, double potion healing,
drunken brawling
a: no special abilities


You were on level 11 of the Dungeon.
You visited 2 branches of the dungeon, and saw 15 of its levels.
You also visited: Sewer and Ossuary.

You collected 1471 gold pieces.

Inventory:

Hand Weapons
 z - a +3 dire flail (weapon)
 A - a +0 giant club
 C - a +0 giant spiked club
 I - a +3 flail
Missiles
 d - 3 throwing nets
 e - 16 large rocks
 f - 27 poisoned darts
 g - 8 boomerangs
 h - 84 stones
 O - a curare-tipped dart (quivered)
Armour
 c - a +1 hat (worn)
 r - a +1 robe of resistance (worn)
 S - an orb of wrath
Jewellery
 b - an amulet of reflection (around neck)
 k - an amulet of faith
 w - a ring of see invisible (left hand)
 B - a ring of protection from cold
 H - the ring "Sorymoj" (right hand) {*Slow rC+ Will+ Int+2 SInv}
   (You found it on level 11 of the Dungeon)

   [ring of see invisible]

   Int+2:     It affects your intelligence (+2).
   rC+:       It protects you from cold.
   Will+:     It increases your willpower.
   SInv:      It lets you see invisible.
   *Slow:     It may slow you when you take damage.
 U - the ring of the Writhing Queen {rPois rF+ Int+2 Dex-5}
   (You found it on level 12 of the Dungeon)

   [ring of protection from fire]

   Int+2:     It affects your intelligence (+2).
   Dex-5:     It affects your dexterity (-5).
   rF+:       It protects you from fire.
   rPois:     It protects you from poison
 V - a ring of ice
Talismans
 N - a maw talisman
Wands
 m - a wand of polymorph (8)
 s - a wand of flame (35)
 J - a wand of quicksilver (4)
 M - a wand of mindburst (18)
Scrolls
 i - 2 scrolls of noise
 j - 2 scrolls of revelation
 l - 3 scrolls of vulnerability
 o - 3 scrolls of blinking
 p - 4 scrolls of teleportation
 x - a scroll of poison
 y - a scroll of summoning
 E - 3 scrolls of fear
 F - a scroll of immolation
 G - 2 scrolls of brand weapon
 L - a scroll of enchant weapon
 P - a scroll of fog
 R - a scroll of silence {unknown}
 T - 2 scrolls of identify
 W - a scroll of amnesia
Potions
 a - a potion of attraction {unknown}
 n - 2 potions of mutation
 q - a potion of enlightenment
 t - a potion of might
 u - 3 potions of curing
 D - 2 potions of brilliance
 K - 2 potions of berserk rage {unknown}
 Q - a potion of ambrosia


   Skills:
 * Level 19.4 Fighting
 + Level 11.3 Maces & Flails
 - Level 2.0 Throwing
 + Level 10.4 Dodging


You had 12 spell levels left.
You didn't know any spells.
Your spell library contained the following spells:

 Spells                   Type           Power      Damage    Failure   Level
 Freeze                   Ice            0%         1d3       34%         1
 Magic Dart               Conj           0%         1d3       34%         1
 Necrotise                Necr           0%         1d4       34%         1
 Blink                    Tloc           0%         N/A       47%         2
 Lesser Beckoning         Tloc           0%         N/A       47%         2
 Mercury Vapours          Alch/Air       0%         N/A       47%         2
 Momentum Strike          Conj/Tloc      0%         3d8       47%         2
 Searing Ray              Conj           0%         2d4       47%         2
 Sublimation of Blood     Necr           0%         N/A       47%         2
 Frozen Ramparts          Ice            0%         1d1       71%         3
 Gell's Gravitas          Tloc           0%         N/A       71%         3
 Hailstorm                Conj/Ice       0%         3d5       71%         3
 Mephitic Cloud           Conj/Alch/Air  0%         N/A       71%         3
 Stone Arrow              Conj/Erth      0%         3d7       71%         3
 Summon Ice Beast         Ice/Summ       0%         N/A       71%         3
 Teleport Other           Tloc           0%         N/A       71%         3
 Vampiric Draining        Necr           0%         2d6       71%         3
 Anguish                  Hex/Necr       0%         N/A       98%         4
 Animate Armour           Summ/Erth      0%         N/A       98%         4
 Cause Fear               Hex            0%         N/A       98%         4
 Fulminant Prism          Conj/Alch      0%         3d5       98%         4
 Martyr's Knell           Necr/Summ      0%         N/A       98%         4
 Petrify                  Alch/Erth      0%         N/A       98%         4
 Alistair's Intoxication  Alch           0%         N/A       100%        5
 Borgnjor's Vile Clutch   Necr/Erth      0%         N/A       100%        5
 Curse of Agony           Necr           0%         N/A       100%        5
 Freezing Cloud           Conj/Ice/Air   0%         6-21      100%        5
 Irradiate                Conj/Alch      0%         3d11      100%        5
 Summon Mana Viper        Hex/Summ       0%         N/A       100%        5
 Dispersal                Tloc           0%         N/A       100%        6
 Eringya's Noxious Bog    Alch           0%         4d6       100%        6
 Enfeeble                 Hex            0%         N/A       100%        7
 Monstrous Menagerie      Summ           0%         N/A       100%        7
 Lehudib's Crystal Spear  Conj/Erth      0%         10d2      100%        8


Dungeon Overview and Level Annotations

Branches:
Dungeon (14/15)            Temple (0/1) D:4            Lair (1/5) D:11
    Orc (0/2) D:12         Vaults (0/5) D:14          Sewer (visited)
Ossuary (visited)

Altars:
Dithmenos
Elyvilon
Hepliaklqana
Sif Muna
Trog
Vehumet
Zin
The Shining One

Shops:
D:7 =

Portals:
Trove: D:12 (give +8 demon trident)

Annotations:
D:11 Urug


Innate Abilities, Weirdness & Mutations

You are too large for most types of armour.
You have a pair of small horns on your head.
You have tough skin. (AC +1)
You gain doubled healing and magic from potions.
Whenever you drink a healing potion, you attack all around you.


Message History

The black mamba barely misses you.
There is a staircase back to the Dungeon, spattered with blood here.
You feel extremely sick. The black mamba bites you.
You are more poisoned.
The black mamba poisons you! The water moccasin closely misses you.
The yak gores you!
You feel yourself slow down. Urug hits you with a +2 broad axe!
You block the yak's attack. The yak closely misses you.
The black mamba bites you.
You climb upwards.
Welcome back to the Dungeon!
You feel extremely sick.
There is a staircase to the Lair here.
You bludgeon the water moccasin!!
The water moccasin is almost dead.
You feel very sick.
The water moccasin bites you but does no damage.
The yak barely misses you. Urug hits you with a +2 broad axe!
* * * LOW HITPOINT WARNING * * *
The water moccasin misses you.
You thump the water moccasin!
You kill the water moccasin!
You feel very sick. The yak closely misses you.
Urug hits you with a +2 broad axe!
* * * LOW HITPOINT WARNING * * *
Unknown command.
You take a swig of the potion and twirl your +3 dire flail.
You barely miss Urug. Your headbutt misses Urug. You bludgeon the yak!!
The yak is heavily wounded.
You savour every drop.
You feel better. The yak gores you!
* * * LOW HITPOINT WARNING * * *
Urug hits you with a +2 broad axe!
* * * LOW HITPOINT WARNING * * *
The yak gores you!
* * * LOW HITPOINT WARNING * * *
Urug barely misses you.
It was a potion of resistance.
You feel protected. The yak gores you but does no damage.
Urug hits you with a +2 broad axe!
You die...
Urug says, "One more harpy dead."

###...###..# #..
###......###.#######..
##..PPP.....#..........
#P..P.P...P....#######.
##....P.....P...# #.
#..P.P.....P.P..# ###.
#.P.P.##+#P.P...# #...
##.PP.P#†o#......#####...
#..P..P#@Y#P......<......
#.....P####.P.....^..#...
#....P.P...P....####.#...
#.....PP.....P.## #.##..
##...P.P.P.PP..# ##.##..
#.#P.P.P.....## ##.#.#..
#..##......######.###...
##..####.##......## ##..
##.# #....#####.###...


You could see Urug and a yak.

Vanquished Creatures
  Rupert (D:14)
  A two-headed ogre (D:11)
  A catoblepas (D:12)
  2 centaur warriors
  A boulder beetle (D:12)
  The ghost of fly the Covert, a novice KoDe of Uskayaw (D:7)
  2 ugly things (D:13)
  A deep elf pyromancer (D:13)
  3 cyclopes (D:12)
  A gargoyle (D:11)
  An unseen horror (D:12)
  A komodo dragon (D:11)
  A tengu conjurer (D:13)
  A guardian mummy (D:12)
  6 trolls
  Sigmund (D:6)
  9 slime creatures
  A shadow (D:12)
  A wraith (D:12)
  2 vampires
  2 basilisks (D:12)
  28 yaks
  3 wyverns
  2 steam dragons
  7 vampire mosquitoes (D:12)
  Menkaure (D:6)
  An acid dragon (D:12)
  2 water moccasins
  5 orc warriors
  An ice beast (D:6)
  2 sky beasts
  3 ogres (D:5)
  A phantom (D:5)
  2 centaurs
  A weeping skull (Ossuary)
  2 elf zombies (Ossuary)
  A kobold brigand (D:7)
  7 bullfrogs
  6 earth elementals (D:12)
  2 gnoll sergeants
  2 scorpions
  15 wights
  A burial acolyte (Ossuary)
  12 killer bees
  8 howler monkeys
  A human zombie (Ossuary)
  2 bombardier beetles
  A gnoll bouda (D:10)
  2 hounds
  8 orc priests
  4 iguanas
  11 orc wizards
  A hound zombie (Ossuary)
  2 mummies (Ossuary)
  A howler monkey zombie (Ossuary)
  17 gnolls
  A river rat (D:4)
  10 adders
  A shadow imp (D:7)
  4 ufetubi (D:6)
  8 dart slugs
  A ribbon worm (D:2)
  38 orcs
  4 ball pythons
  2 bats
  6 endoplasms
  12 giant cockroaches
  4 goblins
  2 hobgoblins
  10 jackals
  12 kobolds
  9 quokkas
  12 frilled lizards
  4 rats
345 creatures vanquished.

Notes
Turn   | Place    | Note
-------+----------+-------------------------------------------
     0 | D:1      | zfabert001 the Oni Gladiator began the quest for the Orb.
     0 | D:1      | Reached XP level 1. HP: 22/22 MP: 1/1
    45 | D:1      | Reached skill level 3 in Fighting
    48 | D:1      | Reached XP level 2. HP: 23/31 MP: 2/2
   800 | D:2      | Reached XP level 3. HP: 23/39 MP: 3/3
  1240 | D:2      | Reached skill level 4 in Fighting
  1289 | D:2      | Found a white marble altar of Elyvilon.
  1509 | D:2      | Reached XP level 4. HP: 46/49 MP: 4/4
  1607 | D:2      | Found a faded altar of an unknown god.
  1987 | D:3      | Found a shadowy altar of Dithmenos.
  2013 | D:3      | Found a glowing golden altar of the Shining One.
  2016 | D:3      | Found a hazy altar of Hepliaklqana.
  2019 | D:3      | Found a glowing silver altar of Zin.
  2153 | D:3      | Found a radiant altar of Vehumet.
  2373 | D:4      | Reached skill level 5 in Fighting
  2373 | D:4      | Reached XP level 5. HP: 33/57 MP: 5/5
  2569 | D:4      | Found a glowing drain.
  2574 | Sewer    | Entered a sewer
  2685 | Sewer    | Reached skill level 6 in Fighting
  2685 | Sewer    | Reached XP level 6. HP: 39/67 MP: 6/6
  3637 | D:4      | Found a staircase to the Ecumenical Temple.
  3693 | D:4      | You fall into a shaft and drop 3 floors!
  3769 | D:7      | Found a runed translucent door.
  3770 | D:7      | Noticed fly's ghost (novice KoDe)
  3815 | D:7      | Noticed an orc warrior
  3861 | D:7      | Found Vifisch's Jewellery Emporium.
  3884 | D:7      | Noticed an orc warrior
  3892 | D:7      | Reached skill level 7 in Fighting
  3892 | D:7      | Reached XP level 7. HP: 63/78 MP: 7/7
  4263 | D:6      | Reached skill level 8 in Fighting
  4263 | D:6      | Reached skill level 5 in Maces & Flails
  4268 | D:5      | Entered Level 5 of the Dungeon
  4294 | D:5      | Reached XP level 8. HP: 18/89 MP: 8/8
  4354 | D:5      | Found a sand-covered staircase.
  4364 | Ossuary  | Entered an ossuary
  4364 | Ossuary  | Found a huge runed translucent gate.
  4364 | Ossuary  | Found a huge runed translucent gate.
  4364 | Ossuary  | Found a huge runed translucent gate.
  4364 | Ossuary  | Found a huge runed translucent gate.
  4364 | Ossuary  | Found a huge runed translucent gate.
  4364 | Ossuary  | Found a huge runed translucent gate.
  4364 | Ossuary  | Found a huge runed translucent gate.
  4364 | Ossuary  | Found a huge runed translucent gate.
  4364 | Ossuary  | Found a huge runed translucent gate.
  4506 | Ossuary  | Found a huge runed translucent gate.
  4506 | Ossuary  | Found a huge runed translucent gate.
  4507 | Ossuary  | Found a huge runed translucent gate.
  4507 | Ossuary  | Found a huge runed translucent gate.
  4509 | Ossuary  | Found a huge runed translucent gate.
  4509 | Ossuary  | Found a huge runed translucent gate.
  4707 | Ossuary  | Found a huge runed translucent gate.
  4707 | Ossuary  | Found a huge runed translucent gate.
  4707 | Ossuary  | Found a huge runed translucent gate.
  4707 | Ossuary  | Found a huge runed translucent gate.
  4707 | Ossuary  | Found a huge runed translucent gate.
  4708 | Ossuary  | Found a huge runed translucent gate.
  4708 | Ossuary  | Found a huge runed translucent gate.
  4710 | Ossuary  | Found a huge runed translucent gate.
  4710 | Ossuary  | Found a huge runed translucent gate.
  4711 | Ossuary  | Found a huge runed translucent gate.
  4711 | Ossuary  | Found a huge runed translucent gate.
  4712 | Ossuary  | Found a huge runed translucent gate.
  4712 | Ossuary  | Found a huge runed translucent gate.
  4729 | Ossuary  | Found a huge runed translucent gate.
  4790 | Ossuary  | Found a huge runed translucent gate.
  4794 | Ossuary  | Found a huge runed translucent gate.
  4794 | Ossuary  | Found a huge runed translucent gate.
  4794 | Ossuary  | Found a huge runed translucent gate.
  4794 | Ossuary  | Found a huge runed translucent gate.
  4796 | Ossuary  | Found a huge runed translucent gate.
  4825 | Ossuary  | Reached skill level 9 in Fighting
  4825 | Ossuary  | Reached skill level 5 in Dodging
  5326 | D:4      | Reached skill level 10 in Fighting
  5688 | D:5      | Found a bloodstained altar of Trog.
  6074 | D:5      | Found a shimmering blue altar of Sif Muna.
  6393 | D:6      | Reached XP level 9. HP: 77/102 MP: 9/9
  6529 | D:6      | Reached skill level 11 in Fighting
  6685 | D:6      | Noticed Sigmund
  6691 | D:6      | Killed Sigmund
  7611 | D:6      | Noticed Menkaure
  7617 | D:6      | Killed Menkaure
  8069 | D:7      | Reached skill level 12 in Fighting
  8623 | D:8      | Reached skill level 13 in Fighting
  8623 | D:8      | Reached XP level 10. HP: 65/119 MP: 10/10
 10240 | D:9      | Reached skill level 14 in Fighting
 10587 | D:10     | Entered Level 10 of the Dungeon
 11625 | D:10     | Reached skill level 15 in Fighting
 11658 | D:10     | Reached XP level 11. HP: 115/132 MP: 11/11
 12707 | D:7      | Killed fly's ghost
 12913 | D:11     | Reached skill level 16 in Fighting
 13144 | D:11     | HP: 3/136 [yak (14)]
 13377 | D:11     | Identified the ring "Sorymoj" {*Slow rC+ Will+ Int+2 SInv}
 13418 | D:11     | Noticed a two-headed ogre
 13432 | D:11     | Killed a two-headed ogre
 13725 | D:11     | Found a staircase to the Lair.
 14036 | D:11     | Found a white marble altar of Elyvilon.
 14507 | D:12     | Reached skill level 17 in Fighting
 14514 | D:12     | Reached skill level 10 in Maces & Flails
 14558 | D:12     | Reached XP level 12. HP: 94/148 MP: 12/12
 15667 | D:12     | Found a staircase to the Orcish Mines.
 15729 | D:12     | Noticed a boulder beetle
 17245 | D:12     | Reached skill level 18 in Fighting
 17245 | D:12     | Noticed a catoblepas
 17282 | D:12     | Found a portal to a secret trove of treasure.
 17872 | D:12     | Killed a boulder beetle
 18129 | D:12     | Killed a catoblepas
 18296 | D:12     | Identified the ring of the Writhing Queen {rPois rF+ Int+2
                  | Dex-5}
 18936 | D:13     | Reached skill level 10 in Dodging
 19492 | D:13     | Noticed a centaur warrior
 19503 | D:13     | Killed a centaur warrior
 19791 | D:13     | Reached skill level 19 in Fighting
 20180 | D:14     | Noticed Rupert
 20181 | D:14     | Paralysed by Rupert for 2 turns
 20192 | D:14     | Killed Rupert
 20193 | D:14     | Reached XP level 13. HP: 57/162 MP: 13/13
 20907 | D:14     | Found a gate to the Vaults.
 20907 | D:14     | Noticed a vault guard
 20907 | D:14     | Noticed a vault guard
 20907 | D:14     | Noticed a vault guard
 20907 | D:14     | Noticed a vault guard
 20907 | D:14     | Noticed a vault guard
 20907 | D:14     | Noticed a vault guard
 20907 | D:14     | Noticed a vault guard
 20907 | D:14     | Noticed a vault guard
 21040 | Lair:1   | Entered Level 1 of the Lair of Beasts
 21040 | Lair:1   | Noticed Urug
 21061 | D:11     | HP: 7/163 [yak (11)]
 21062 | D:11     | Slain by Urug

Illustrated notes

Levels and vault maps discovered:
D:1:      dpeg_arrival_connections, layout_basic
D:2:      layout_loops_ring, basic_altar,
          hellmonk_ecumenical_altar_inner_sanctum
D:3:      layout_rooms, grunt_temple_overflow_cloverleaf,
          overflow_temple_1_default
D:4:      layout_loops_ring, minmay_temple_entry_enclosed_plants,
          gup_sewer_entry_bowl
D:5:      layout_basic, mainiacjoe_overflow_tiny_flanked,
          overflow_temple_1_default, lightli_ossuary_entry_decrepit_ruins,
          hangedman_abyss_or_decor_stabs
D:6:      layout_loops_ring, uniq_menkaure, uniq_sigmund
D:7:      layout_basic, serial_shops, nicolae_diamond_shop,
          gammafunk_ghost_grave
D:8:      layout_cave_pools
D:9:      layout_basic
D:10:     minmay_goldmine, layout_loops_cross, kennysheep_generic_room_9
D:11:     layout_loops_ring, grunt_lair_entry_orc_guard_hut, elyvilon_altar_3
D:12:     layout_grid_maze, orc_0_dummy, nicolae_trove_entry_path_of_doom,
          hangedman_cracks_in_the_wall
D:13:     layout_rooms
D:14:     layout_loops_cross, erik_vaults_2, minmay_splitting_lines, uniq_rupert
Lair:1:   layout_hall_layers, nicolae_volcano_entry_hallway, uniq_urug,
          uniq_maggie

Skill      XL: |  1  2  3  4  5  6  7  8  9 10 11 12 |
---------------+-------------------------------------+-----
Fighting       | 3 4 5 6 7 8 10 13 15 17 19 | 19.4
Dodging        | 3 4 5 6 8 9 10 | 10.4
Maces & Flails | 4 5 6 7 8 10 11 | 11.3
Throwing       | |  2.0

Action                     |  1- 3 |  4- 6 |  7- 9 | 10-12 | 13-15 || total
---------------------------+-------+-------+-------+-------+-------++-------
  Melee: Flail             |    87 |   183 |   149 |    66 |       ||   485
         Headbutt          |     6 |    25 |    50 |   158 |     7 ||   246
         Punch             |       |     3 |     4 |     1 |       ||     8
         Giant club        |       |       |   162 |    94 |       ||   256
         Dire flail        |       |       |       |   505 |    30 ||   535
  Throw: Throwing net      |     2 |       |       |       |       ||     2
         Dart              |       |     9 |     1 |     5 |       ||    15
         Stone             |       |     6 |       |       |       ||     6
    Use: Potion            |     1 |     1 |     2 |     8 |     2 ||    14
         Scroll            |       |     4 |     9 |     9 |       ||    22
   Stab: Sleeping          |       |     1 |     1 |       |       ||     2
         Distracted        |       |       |       |     1 |       ||     1
 Armour: Robe              |    78 |   145 |   313 |   469 |    47 ||  1052
  Dodge: Dodged            |    62 |   107 |   251 |   363 |    23 ||   806
  Block: Other             |       |       |       |       |     4 ||     4
